 Dungeon Crawl Stone Soup version 0.29-a0-512-gf59ac788ac (webtiles) character file.

Game seed: 238709834820541142

9 spaghetti the Nimble (level 2, 0/23 HPs)
             Began as a Gnoll Wanderer on May 29, 2022.
             Slain by a quokka (1 damage)
             ... on level 1 of the Dungeon.
             The game lasted 00:00:53 (362 turns).

spaghetti the Nimble (Gnoll Wanderer)                Turns: 362, Time: 00:00:53

Health: 0/23       AC:  3    Str:  9    XL:     2   Next: 16%
Magic:  7/7        EV: 14    Int: 13    God:
Gold:   25         SH:  4    Dex: 11    Spells: 9/10 levels left

rFire   . . .      SeeInvis .   h - +2 dagger (elec) {short}
rCold   . . .      Faith    .   c - +0 buckler
rNeg    . . .      Spirit   .   e - +0 leather armour
rPois   .          Reflect  .   g - +0 hat
rElec   .          Harm     .   (no cloak)
rCorr   .          Rampage  .   (no gloves)
Will    .....                   (no boots)
Stlth   ..........              (no amulet)
HPRegen 0.07/turn               (no ring)
MPRegen 0.10/turn               (no ring)

@: silenced
A: fangs 1, strong nose, distributed training
a: no special abilities


You were on level 1 of the Dungeon.
You visited 1 branch of the dungeon, and saw 1 of its levels.

You collected 25 gold pieces.


Innate Abilities, Weirdness & Mutations

You have very sharp teeth.
Your uncanny sense of smell can sniff out nearby items.
Your experience applies equally to all skills.


   Skills:
 + Level 2.4 Fighting
 + Level 0.3 Short Blades
 + Level 0.3 Long Blades
 + Level 0.3 Axes
 + Level 0.3 Maces & Flails
 + Level 0.3 Polearms
 + Level 0.3 Staves
 + Level 0.3 Slings
 + Level 0.3 Bows
 + Level 0.3 Crossbows
 + Level 0.3 Throwing
 + Level 0.3 Armour
 + Level 10.4 Dodging
 + Level 0.3 Stealth
 + Level 2.4 Shields
 + Level 0.3 Unarmed Combat
 + Level 4.9 Spellcasting
 + Level 0.2 Conjurations
 + Level 0.2 Hexes
 + Level 2.0 Summonings
 + Level 0.2 Necromancy
 + Level 0.2 Translocations
 + Level 0.2 Transmutations
 + Level 0.2 Fire Magic
 + Level 0.2 Ice Magic
 + Level 0.2 Air Magic
 + Level 0.2 Earth Magic
 + Level 0.2 Poison Magic
 + Level 0.4 Invocations
 + Level 0.3 Evocations


You had 9 spell levels left.
You knew the following spells:

 Your Spells              Type           Power      Damage    Failure   Level
a - Summon Small Mammal   Summ           32%        N/A       16%         1

Your spell library contained the following spells:

 Spells                   Type           Power      Damage    Failure   Level
 Summon Guardian Golem    Hex/Summ       6%         N/A       54%         3

Inventory:

Hand Weapons
 a - a +0 dagger {short}
 h - a +2 dagger of electrocution (weapon) {short}
   (You took it off a goblin on level 1 of the Dungeon)
Missiles
 b - 2 throwing nets {=f!fthrowing}
 i - 28 stones (quivered) {throwing}
Armour
 c - a +0 buckler (worn)
 e - a +0 leather armour (worn)
 g - a +0 hat (worn)
   (You found it on level 1 of the Dungeon)
Potions
 d - a potion of attraction {!q}

Dungeon Overview and Level Annotations

Branches:
Dungeon (1/15)

Altars:

##### #....
....#### #.....# ..
.....##....
#8........ ∆ +KK#
###8r# #...@#
#.#####.##.#
#.......##.#
#.####.###.#
.####.....#######
#..................
......####.........
....>. #..#######
##.#. #†.#


You could see a quokka and 2 kobolds.


Message History

You bite the hobgoblin, but do no damage.
The hobgoblin barely misses you. 😎 HP[+1]
Your hp is fully restored (23).
You hit the hobgoblin.
You kill the hobgoblin!
No target in view!
No target in view!
No target in view!
No target in view!
No target in view!
No target in view!
No target in view!
No target in view!
Unknown command.
You see here a hobgoblin corpse.
i - 28 stones {throwing}
Found a stone staircase leading down. 2 kobolds and a quokka come into view.
The kobold shouts!
You hear an angry hiss.
The kobold moves out of view.
There are monsters nearby!
There are monsters nearby!
The kobold shouts!
You closely miss the quokka. The quokka bites you. 😕 HP[-2]
You take 2 damage, and now have 21/23 hp.
You are too injured to fight recklessly!
You are too injured to fight recklessly!
You are too injured to fight recklessly!
You are too injured to fight recklessly!
You are too injured to fight recklessly!
You are too injured to fight recklessly!
You are too injured to fight recklessly!
You are too injured to fight recklessly!
You are too injured to fight recklessly!
You are too injured to fight recklessly!
You are too injured to fight recklessly!
You are too injured to fight recklessly!
You are too injured to fight recklessly!
You are too injured to fight recklessly!
You are too injured to fight recklessly!
You are too injured to fight recklessly!
You barely miss the quokka. The quokka barely misses you.
You closely miss the quokka. The quokka bites you.
The quokka bites you but does no damage. 😕 HP[-2]
You take 2 damage, and now have 19/23 hp.
You hit the quokka. The quokka closely misses you.
You hit the quokka but do no damage. The quokka misses you.
The kobold misses you.
You miss the quokka.
The quokka bites you but does no damage.
The quokka closely misses you.
You closely miss the quokka.
The kobold hits you with a +0 short sword.
The kobold hits you with a +0 whip.
* * * LOW HITPOINT WARNING * * *
The quokka bites you.
* * * LOW HITPOINT WARNING * * *
😨 HP[-10]
You take 10 damage, and now have 9/23 hp.
MASSIVE DAMAGE!! (PAUSE)
You hit the quokka. You block the quokka's attack.
The kobold hits you but does no damage. You block the kobold's attack.
You hit the quokka but do no damage. The quokka closely misses you.
The kobold hits you with a +0 whip.
* * * LOW HITPOINT WARNING * * *
You block the kobold's attack. 😱 HP[-5]
You take 5 damage, and now have 4/23 hp.
MASSIVE DAMAGE!! (PAUSE) Unknown command.
Okay, then.
The kobold barely misses you. 😱 HP[+1]
The quokka misses you.
Okay, then.
As you read the scroll labelled FOVEKHLEBAU, it crumbles to dust.
A profound silence engulfs you.
It was a scroll of silence.
The quokka bites you but does no damage.
Unknown command.
Unknown command.
Okay, then.
You aren't carrying any items that you can evoke.
Unknown command.
You closely miss the quokka. The quokka bites you.
* * * LOW HITPOINT WARNING * * *
😱 HP[-4]
You take 4 damage, and now have 1/23 hp.
Unknown command.
Unknown command.
You completely miss the quokka. The quokka closely misses you.
Unknown command.
Unknown command.
Unknown command.
You hit the quokka. The quokka barely misses you.
The quokka closely misses you.
You miss the quokka. The quokka bites you.
You die...

Skill      XL: |  1 |
---------------+----+-----
Dodging        | | 10.4
Summonings     | 2 |  2.0
Fighting       | |  2.4
Short Blades   | |  0.3
Long Blades    | |  0.3
Axes           | |  0.3
Maces & Flails | |  0.3
Polearms       | |  0.3
Staves         | |  0.3
Slings         | |  0.3
Bows           | |  0.3
Crossbows      | |  0.3
Throwing       | |  0.3
Armour         | |  0.3
Stealth        | |  0.3
Shields        | |  2.4
Unarmed Combat | |  0.3
Spellcasting   | |  4.9
Conjurations   | |  0.2
Hexes          | |  0.2
Necromancy     | |  0.2
Translocations | |  0.2
Transmutations | |  0.2
Fire Magic     | |  0.2
Ice Magic      | |  0.2
Air Magic      | |  0.2
Earth Magic    | |  0.2
Poison Magic   | |  0.2
Invocations    | |  0.4
Evocations     | |  0.3

Action                   || total
-------------------------++-------
Melee: Dagger            ||    39
       Bite              ||     4
  Use: Scroll            ||     1
Armor: Leather armour    ||    17
Dodge: Dodged            ||    31
Block: Buckler           ||     9

Levels and vault maps discovered:
D:1:      tarquinn_simple_flora_water_e, layout_loops_ring,
          dreamdust_ecumenical_altar_angels_and_demons

Notes
Turn   | Place    | Note
-------+----------+-------------------------------------------
     0 | D:1      | Reached skill level 10 in Dodging
     0 | D:1      | spaghetti the Gnoll Wanderer began the quest for the Orb.
     0 | D:1      | spaghetti set off with the following items: a +0 dagger
                  | {short}, 2 throwing nets {=f!fthrowing}, a +0 buckler, a
                  | potion of attraction {!q}, a +0 leather armour; and the
                  | following spell memorised: Summon Small Mammal; and the
                  | following spells available to memorise: Summon Guardian
                  | Golem
     0 | D:1      | Reached XP level 1. HP: 17/17 MP: 6/6
     0 | D:1      | magus.rc [v1.9.6]
   178 | D:1      | Reached skill level 2 in Summonings
   185 | D:1      | Reached XP level 2. HP: 17/23 MP: 7/7
   355 | D:1      | HP: 4/23 [kobold/+0 whip (5)]
   359 | D:1      | HP: 1/23 [quokka (4)]
   362 | D:1      | Slain by a quokka

Vanquished Creatures
  An endoplasm (D:1)
  A goblin (D:1)
  2 hobgoblins (D:1)
  3 bats (D:1)
  A frilled lizard (D:1)
  A rat (D:1)
9 creatures vanquished.

Table legend:
 A = Non-vault XP
 B = Vault XP
 C = Vault XP percentage of total XP
 D = Non-vault monster count
 E = Vault monster count
 F = Vault count percentage of total count
                 A         B        C        D         E       F
            +---------+---------+-------+---------+---------+-------
      Total |      14 |       0 |   0.0 |       9 |       0 |   0.0
            +---------+---------+-------+---------+---------+-------
        D:1 |      14 |       0 |   0.0 |       9 |       0 |   0.0
            +---------+---------+-------+---------+---------+-------

Illustrated notes

Table legend:
 A = Kills in this place as a percentage of kills in entire the game.
 B = Kills by you in this place as a percentage of kills by you in the entire game.
 C = Kills by friends in this place as a percentage of kills by friends in the entire game.
 D = Other kills in this place as a percentage of other kills in the entire game.
 E = Experience gained in this place as a percentage of experience gained in the entire game.
 F = Experience gained in this place divided by the number of levels of this place that you have seen.
                   A       B       C       D       E      F
               +-------+-------+-------+-------+-------+----------------------
         Total | 100.0 | 100.0 |   N/A |   N/A | 100.0 |  14.0
       Dungeon | 100.0 | 100.0 |   N/A |   N/A | 100.0 |  14.0
               +-------+-------+-------+-------+-------+----------------------

Table legend: (Time is in decaauts)
 A = Elapsed time spent in this place.
 B = Non-inter-level travel time spent in this place.
 C = Inter-level travel time spent in this place.
 D = Time resting spent in this place.
 E = Time spent auto-exploring this place.
 F = Levels seen in this place.
 G = Mean time per level.
                   A        B        C        D        E       F      G
               +--------+--------+--------+--------+--------+-----+--------+
         Total |    362 |    362 |      0 |      0 |    280 |   1 |  362.0 |
       Dungeon |    362 |    362 |      0 |      0 |    280 |   1 |  362.0 |
               +--------+--------+--------+--------+--------+-----+--------+

Top non-repeatable levels by time:
     D:1: 362 daAuts
